General information
- name: grudge10
- type: Ladder 1vs1/FFA
- host: BEAR_AND
- saver: BEAR_AND
map: FrostedMeadows
- players: 8
- length: 15:11
- speed: Fast
- version: 1.21 W3XP
- replay type:

» download(66 KB)
Players
team 1 (winner)
WWGT]Fictious (
dark-green | 166 APM | 2522 actions | 15:11)
4 Demon Hunter
2 Mana Burn
2 Evasion
3 Beastmaster
2 Summon Quilbeast
1 Summon Hawk
» actions
| Assign group hotkey | 114 | |
| Basic commands | 63 | |
| Build / train | 62 | |
| Enter build submenu | 10 | |
| Enter hero's abilities submenu | 7 | |
| Right click | 1007 | |
| Select / deselect | 431 | |
| Select group hotkey | 743 | |
| Use ability | 85 | |
2522 total
» units
| Wisp | 10 | |
| Archer | 4 | |
| Huntress | 3 | |
| Druid of the Claw | 5 | |
| Dryad | 6 | |
28 total
» upgrades
| Druid of the Claw Training | 2 | |
| Abolish Magic | 1 | |
| Strength of the Wild | 1 | |
| Mark of the Claw | 1 | |
| Reinforced Hides | 1 | |
6 total
» buildings
| Altar of Elders | 1 | |
| Moon Well | 5 | |
| Ancient of War | 1 | |
| Hunter's Hall | 1 | |
| Tree of Ages | 1 | |
| Tree of Eternity | 1 | |
| Ancient of Lore | 2 | |
12 total
» build order
00:04 Altar of Elders
00:18 Moon Well
00:47 Ancient of War
01:43 Moon Well
02:52 Hunter's Hall
03:14 Moon Well
03:35 Tree of Ages
05:58 Tree of Eternity
06:06 Ancient of Lore
06:09 Ancient of Lore
08:27 Moon Well
08:28 Moon Well
» items
| Boots of Speed | 1 | |
| Scroll of Healing | 2 | |
| Scroll of Town Portal | 1 | |
4 total
team 2 (loser)
WWGT]Landazar (
red | 94 APM | 1426 actions | 15:10)
2 Blademaster
1 Wind Walk
1 Critical Strike
2 Tauren Chieftain
1 Shockwave
1 Endurance Aura
» actions
| Assign group hotkey | 23 | |
| Basic commands | 6 | |
| Build / train | 54 | |
| Enter build submenu | 13 | |
| Enter hero's abilities submenu | 4 | |
| Remove unit from queue | 12 | |
| Right click | 734 | |
| Select / deselect | 369 | |
| Select group hotkey | 134 | |
| Use ability | 77 | |
1426 total
» units
| Peon | 5 | |
| Grunt | 9 | |
| Wind Rider | 2 | |
| Raider | 6 | |
| Spirit Walker | 2 | |
24 total
» upgrades
| Ensnare | 1 | |
| Berserker Strength | 1 | |
| Spirit Walker Training | 1 | |
3 total
» buildings
| Altar of Storms | 1 | |
| Orc Burrow | 5 | |
| Barracks | 1 | |
| Voodoo Lounge | 1 | |
| Stronghold | 1 | |
| Beastiary | 1 | |
| Spirit Lodge | 2 | |
12 total
» build order
00:04 Altar of Storms
00:21 Orc Burrow
00:37 Barracks
01:39 Orc Burrow
02:31 Voodoo Lounge
03:01 Stronghold
04:29 Orc Burrow
05:48 Beastiary
06:08 Spirit Lodge
08:36 Spirit Lodge
09:08 Orc Burrow
10:28 Orc Burrow
» items
| Boots of Speed | 1 | |
| Healing Salve | 5 | |
| Potion of Healing | 2 | |
| Lesser Clarity Potion | 2 | |
| Scroll of Speed | 1 | |
11 total
observersBEAR_AND,
digitaljesus,
choochoo,
fineX.,
WWGT]Diana,
DIRTMCGIRT Chat log
(00:05 / Observers) BEAR_AND: cross spawn
(00:10 / Observers) fineX.: choochoo i dont think you were lying about 25 fps
(00:15 / Observers) digitaljesus: lol
(00:24 / Observers) WWGT]Diana: how do you show fps in wc3?
(00:27 / Observers) fineX.: ./fps
(00:27 / All) WWGT]Landazar: gl
(00:27 / Observers) digitaljesus: /fps
(00:32 / All) WWGT]Fictious: Good luck, have fun.
(00:45 / Observers) digitaljesus: will landazar try a tower rush again!?!
(00:49 / Observers) fineX.: prob. not
(00:52 / Observers) BEAR_AND: cross spawn tm hahahaha
(01:22 / Observers) BEAR_AND: fs....no....bm
(01:27 / Observers) fineX.: landazar's peons are scattered is this a good thing y/n
(01:37 / Observers) BEAR_AND: ?
(01:38 / Observers) digitaljesus: his peons need personal space
(01:44 / Observers) fineX.: well he has 2 on one side
(01:46 / Observers) digitaljesus: new union rules
(01:47 / Observers) fineX.: and 2 on the other side
(01:47 / All) WWGT]Fictious: Oops
(01:59 / Observers) fineX.: i m noob so i see if this is pro strat
(02:02 / Observers) BEAR_AND: best way to do it is have them do shortest route for beginning (when lumber timing is critical)
(02:13 / Observers) BEAR_AND: then switch to "clear space for tech at back" mode
(02:45 / Observers) choochoo: OH
(02:49 / Observers) BEAR_AND: oh
(02:50 / Observers) BEAR_AND: 20 exp
(03:12 / Observers) BEAR_AND: 1 grunt tech
(03:15 / Observers) BEAR_AND: 2
(03:17 / Observers) BEAR_AND: excuse me
(03:42 / Observers) fineX.: haha
(03:44 / Observers) fineX.: owned
(03:44 / Observers) BEAR_AND: grunt got own
(03:46 / Observers) digitaljesus: ruh roh
(03:52 / Observers) digitaljesus: hahaha
(03:53 / Observers) choochoo: umm
(03:54 / Observers) BEAR_AND: tp
(03:59 / Observers) BEAR_AND: creep got it
(04:08 / Observers) DIRTMCGIRT: ugh
(04:10 / Observers) DIRTMCGIRT: wtf is wrong
(04:11 / Observers) DIRTMCGIRT: with my mouse
(04:16 / Observers) BEAR_AND: need batteries
(04:18 / Observers) fineX.: try buying a new one
(04:25 / Observers) BEAR_AND: quit it
(04:27 / Observers) fineX.: dirt u can buy a mouse for like 2 bux
(04:28 / Observers) choochoo: torrent's off
(04:38 / Observers) DIRTMCGIRT: its not wireless tho
(04:43 / Observers) digitaljesus: clean it?
(04:45 / Observers) DIRTMCGIRT: its weird when i drag it
(04:45 / Observers) BEAR_AND: u sure?
(04:47 / Observers) fineX.: wireless is for suck
(04:48 / Observers) DIRTMCGIRT: on the actual mousepad
(04:55 / Observers) DIRTMCGIRT: lol i see the fuckin cord
(05:03 / Observers) BEAR_AND: OMG
(05:04 / Observers) BEAR_AND: no
(05:07 / Observers) DIRTMCGIRT: and it doesnt have a ball
(05:12 / Observers) choochoo: omg
(05:22 / Observers) DIRTMCGIRT: wut
(05:29 / Observers) BEAR_AND: he was v. close to a 4 unit surr on dh
(05:33 / Observers) digitaljesus: im using a mouse i stole from my high school in 2003
(05:33 / Observers) choochoo: neg
(05:37 / Observers) DIRTMCGIRT: oh
(05:37 / Observers) fineX.: hha
(05:49 / Observers) DIRTMCGIRT: i shoulda gotten dust
(05:51 / Observers) DIRTMCGIRT: i always forget dust
(05:59 / Observers) BEAR_AND: always get dust; in god we trust
(06:09 / Observers) digitaljesus: going right to t3?
(06:10 / Observers) DIRTMCGIRT: i like your little sayigns bear
(06:14 / Observers) BEAR_AND: bear
(06:16 / Observers) DIRTMCGIRT: when you post replays
(06:16 / Observers) BEAR_AND: Bears
(06:28 / Observers) BEAR_AND: wow that wave sucked
(06:38 / Observers) BEAR_AND: wave sucked but noob lucked
(06:41 / Observers) choochoo: ymm
(06:47 / Observers) choochoo: that was 5 seconds of surround
(06:53 / Observers) choochoo: well, possible surround
(07:31 / Observers) digitaljesus: tc too fat to get through?
(07:33 / Observers) BEAR_AND: landazar fought hard for that l1 hero
(07:37 / Observers) fineX.: tauren chieftan cleansed by heathen
(07:42 / Observers) fineX.: i tried ok
(07:48 / Observers) choochoo: this kid sure likes bears
(07:52 / Observers) choochoo: against ud or orc
(07:56 / Observers) choochoo: bears bears bears
(08:02 / Observers) BEAR_AND: well; he is a ne player
(08:18 / Observers) fineX.: whats up with his quillbeast
(08:18 / Observers) choochoo: ud its usually mass yads and orc mass dotts
(08:20 / Observers) fineX.: its albino
(08:24 / Observers) choochoo: snow map
(08:28 / Observers) choochoo: his eagle is snowy too
(08:31 / Observers) BEAR_AND: his bears polar bears
(08:41 / Observers) fineX.: no way
(08:42 / Observers) BEAR_AND: wahoo
(08:50 / Observers) BEAR_AND: you never got beastmaster on a snow map ever?
(08:54 / Observers) fineX.: nope
(08:56 / Observers) BEAR_AND: wow
(08:58 / Observers) choochoo: only nubs play snow maps
(09:00 / Observers) BEAR_AND: just buy this game?
(09:03 / Observers) fineX.: ^^ tru dat
(09:06 / Observers) fineX.: no
(09:13 / Observers) fineX.: i dont get bm often is all
(09:17 / Observers) BEAR_AND: i guess u all never hear of a place i like to call Upper Kingdom
(09:19 / Observers) choochoo: i love bm
(09:20 / Observers) fineX.: usually bm/sh ftw
(09:23 / Observers) digitaljesus: outland tile set maps should give you mutant bears
(09:27 / Observers) fineX.: i think i played it once or twice
(09:31 / Observers) choochoo: i get bm half the time except when im ud
(09:35 / Observers) BEAR_AND: wow
(09:37 / Observers) BEAR_AND: toxp
(09:43 / Observers) BEAR_AND: +flute
(09:50 / Observers) digitaljesus: quite a lil hull
(09:50 / Observers) choochoo: toxp?
(09:53 / Observers) fineX.: didnt whatshisface get a toxp there too
(09:54 / Observers) BEAR_AND: tome of xp
(09:57 / Observers) choochoo: oh
(10:00 / Observers) digitaljesus: yeah
(10:11 / Observers) choochoo: why such nig acronyms
(10:19 / Observers) BEAR_AND: why such hate speech & racism
(10:21 / Observers) fineX.: bear is not polar bear
(10:21 / Observers) choochoo: i said gg once and guy replied nr and left
(10:26 / Observers) digitaljesus: wrong bear
(10:26 / Observers) digitaljesus: noob
(10:28 / Observers) BEAR_AND: not his bears
(10:29 / Observers) fineX.: oh
(10:31 / Observers) choochoo: took me 10 minutes to figure it out
(10:31 / Observers) BEAR_AND: beast master's bears
(10:43 / Observers) fineX.: so many bears
(10:46 / Observers) BEAR_AND: 2.
(10:54 / Observers) choochoo: snowly egale
(10:59 / Observers) fineX.: bear_and bear beastmaster bear bear bear
(11:01 / Observers) choochoo: egalitarian
(11:13 / Observers) BEAR_AND: im not a bear u dumb fuck
(11:14 / Observers) fineX.: im pretty sure tauren chieftan is a closet bear
(11:30 / Observers) digitaljesus: possible gg?
(11:34 / Observers) BEAR_AND: yea
(11:38 / Observers) BEAR_AND: landazar out this early...?
(11:38 / Observers) DIRTMCGIRT: looks like it
(11:39 / Observers) fineX.: he is backing off !
(11:48 / Observers) DIRTMCGIRT: lol
(11:52 / Observers) DIRTMCGIRT: who is landazar
(11:54 / Observers) DIRTMCGIRT: i think its blinn
(12:01 / Observers) DIRTMCGIRT: actually
(12:03 / Observers) choochoo: doubt it
(12:04 / Observers) DIRTMCGIRT: i havent seen either of these games
(12:05 / Observers) choochoo: its not
(12:14 / Observers) DIRTMCGIRT: kinda just tabbin in and out
(12:21 / Observers) fineX.: dirt r u polo
(12:31 / Observers) DIRTMCGIRT: idk bear just said landazar out this early
(12:35 / Observers) fineX.: because every time you log out
(12:37 / Observers) choochoo: ok fine it could be blinn
(12:38 / Observers) DIRTMCGIRT: whose polo?
(12:39 / Observers) digitaljesus: this is land's 2nd loss
(12:41 / Observers) fineX.: and when polos gone
(12:43 / Observers) fineX.: your on
(12:51 / Observers) DIRTMCGIRT: weird
(12:52 / Observers) digitaljesus: 6 bears too many bears
(12:54 / Observers) DIRTMCGIRT: im not in the tourney
(13:06 / Observers) fineX.: who did tim g re-reg as again?
(13:08 / Observers) DIRTMCGIRT: im not very good at this game
(13:11 / Observers) BEAR_AND: ?
(13:19 / Observers) DIRTMCGIRT: did timg get banned again?
(13:21 / Observers) fineX.: no
(13:23 / Observers) digitaljesus: damn
(13:24 / Observers) fineX.: i mean from before
(13:24 / Observers) DIRTMCGIRT: nice
(13:28 / Observers) BEAR_AND: he's time for a joke
(13:32 / Observers) BEAR_AND: he didn't switch accs
(13:36 / Observers) fineX.: in wc3
(13:38 / Observers) fineX.: i meant
(13:40 / Observers) BEAR_AND: dirtmcwordup
(13:43 / Observers) DIRTMCGIRT: dirtmcwordup
(13:43 / Observers) fineX.: ah
(13:51 / Observers) fineX.: there are many dirtmcs
(13:58 / Observers) digitaljesus: wyrvens be comming
(13:59 / Observers) DIRTMCGIRT: lol did he just make that account and stick with it?
(14:08 / Observers) BEAR_AND: he told me he made it when he was really high
(14:12 / Observers) BEAR_AND: and used it to get our team's ell down
(14:13 / Observers) DIRTMCGIRT: im very flatterd
(14:16 / Observers) BEAR_AND: then stuck with it
(14:26 / Observers) DIRTMCGIRT: lol cause he got banned for mh
(14:33 / Observers) DIRTMCGIRT: he tried to blame it on me
(14:38 / Observers) fineX.: who was the bro who left towa for a while
(14:40 / Observers) DIRTMCGIRT: i never used it tho
(14:43 / Observers) BEAR_AND: sylink?
(14:44 / Observers) BEAR_AND: nml?
(14:48 / Observers) digitaljesus: this is it
(14:49 / Observers) DIRTMCGIRT: we lost a couple bros
(14:50 / Observers) DIRTMCGIRT: iceberg
(14:51 / Observers) digitaljesus: i think
(15:00 / Observers) digitaljesus: does iceberg ever log on anymore?
(15:03 / Observers) DIRTMCGIRT: no
(15:04 / Observers) BEAR_AND: he doesn't have war3
(15:06 / Observers) BEAR_AND: he's in korea
(15:09 / All) WWGT]Landazar: gg
(15:10 / Observers) DIRTMCGIRT: hes in korea